 Dungeon Crawl Stone Soup version 0.30-a0-634-g8abc85282e (webtiles) character file.

Game seed: 7028006667840787309

29048 Citaku the Tortoise (level 13, -4/117 HPs)
             Began as a Minotaur Fighter on Jan 14, 2023.
             Was an Initiate of Gozag.
             Slain by Snorg (17 damage)
             ... on level 1 of the Orcish Mines.
             The game lasted 00:41:22 (19917 turns).

Citaku the Tortoise (Minotaur Fighter)             Turns: 19917, Time: 00:41:23

Health: -4/117     AC: 15    Str: 30    XL:     13   Next: 13%
Magic:  12/12      EV: 10    Int: 10    God:    Gozag
Gold:   593        SH:  0    Dex: 10    Spells: 12/12 levels left

rFire   + . .      SeeInvis .    g - +6 war axe of the Bellicose God {heavy, rF+ rN+}
rCold   + . .      Faith    .    (no shield)
rNeg    + . .      Spirit   .    w - +1 ring mail {rC+}
rPois   +          Reflect  .    (helmet restricted)
rElec   +          Harm     .    (no cloak)
rCorr   +          Rampage  .    l - +2 pair of gloves
Will    ++...                    (no boots) Stlth
                                 (no amulet)
HPRegen 0.39/turn                c - ring "Naxiv" {rPois Will+ Str+6 Int+5 Slay-2}
MPRegen 0.13/turn                b - ring "Xisopi" {rElec Will+ rCorr Dex-2 Slay+6}

@: gold aura, hasted, very quick
A: horns 2, retaliatory headbutt, iridescent scales 1, MP-powered wands
a: Renounce Religion, Potion Petition, Call Merchant, Bribe Branch


You were on level 1 of the Orcish Mines.
You worshipped Gozag.
Gozag was pleased with you.
You visited 3 branches of the dungeon, and saw 16 of its levels.
You also visited: Sewer and Ossuary.

You collected 4559 gold pieces.
You spent 3308 gold pieces at shops.
You paid 658 gold pieces to Gozag.

Inventory:

Hand Weapons
 g - the +6 war axe of the Bellicose God (weapon) {heavy, rF+ rN+}
   (You bought it in a shop on level 2 of the Orcish Mines)

   rF:        It protects you from fire.
   rN:        It protects you from negative energy.
Missiles
 C - 7 throwing nets (quivered)
Armour
 l - a +2 pair of gloves (worn)
 w - a +1 ring mail of cold resistance (worn)
Jewellery
 b - the ring "Xisopi" (right hand) {rElec Will+ rCorr Dex-2 Slay+6}
   (You bought it in a shop on level 11 of the Dungeon)

   [ring of willpower]

   Dex:       It affects your dexterity (-2).
   Slay:      It affects your accuracy & damage with ranged weapons and melee
   (+6).
   rElec:     It insulates you from electricity.
   rCorr:     It protects you from acid and corrosion.
   Will:      It increases your willpower.
 c - the ring "Naxiv" (left hand) {rPois Will+ Str+6 Int+5 Slay-2}
   (You bought it in a shop on level 11 of the Dungeon)

   [ring of strength]

   Str:       It affects your strength (+6).
   Int:       It affects your intelligence (+5).
   Slay:      It affects your accuracy & damage with ranged weapons and melee
   (-2).
   rPois:     It protects you from poison.
   Will:      It increases your willpower.
Wands
 a - a wand of quicksilver (4)
 u - a wand of flame (11)
 y - a wand of polymorph (5)
 B - a wand of paralysis (7)
 E - a wand of mindburst (22)
 F - a wand of iceblast (17)
Scrolls
 e - a scroll of fear
 f - 2 scrolls of amnesia
 o - 7 scrolls of teleportation
 p - 4 scrolls of enchant armour
 r - 2 scrolls of brand weapon
 s - 2 scrolls of immolation
 t - 3 scrolls of identify
 v - a scroll of enchant weapon
Potions
 d - a potion of ambrosia
 h - 2 potions of haste
 i - 2 potions of flight
 j - 2 potions of attraction
 k - 6 potions of curing
 n - a potion of lignification


   Skills:
 + Level 11.7 Fighting
 * Level 15.5 Axes
 * Level 15.8 Armour
 + Level 11.6 Shields


You had 12 spell levels left.
You didn't know any spells.
Your spell library contained the following spells:

 Spells                   Type           Power      Damage    Failure   Level
 Gell's Gravitas          Tloc           0%         N/A       82%         3
 Hailstorm                Conj/Ice       0%         3d3       82%         3
 Lesser Beckoning         Tloc           0%         N/A       82%         3
 Summon Guardian Golem    Hex/Summ       0%         N/A       82%         3
 Teleport Other           Tloc           0%         N/A       82%         3
 Ice Form                 Ice/Tmut       0%         N/A       99%         4
 Summon Forest            Summ/Tloc      0%         N/A       100%        5
 Summon Mana Viper        Hex/Summ       0%         N/A       100%        5
 Yara's Violent Unravell  Hex/Tmut       0%         3d3       100%        5
 Summon Cactus Giant      Summ           0%         N/A       100%        6
 Enfeeble                 Hex            0%         N/A       100%        7
 Orb of Destruction       Conj           0%         9d5       100%        7
 Spellforged Servitor     Conj/Summ      0%         N/A       100%        7
 Simulacrum               Ice/Necr       Unusable   N/A       N/A         6

Dungeon Overview and Level Annotations

Branches:
Dungeon (13/15)            Temple (1/1) D:5            Lair (0/5) D:10
    Orc (2/2) D:12            Elf (0/3) Orc:2         Sewer (visited)
Ossuary (visited)
 Vaults: D:13-14

Altars:
Ashenzari
Cheibriados
Dithmenos
Elyvilon
Fedhas
Gozag
Hepliaklqana
Kikubaaqudgha
Makhleb
Nemelex Xobeh
Okawaru
Qazlal
Ru
Sif Muna
Trog
Uskayaw
Vehumet
Wu Jian
Xom
Yredelemnul
Zin
The Shining One

Shops:
D:1 :*((*   D:3 (   D:4 *   D:9 *   D:10 !:[   D:11 =   D:12 [(   Orc:2 [:?(

Annotations:
D:10 2 runed translucent doors, exclusion: obsidian statue
Orc:1 Snorg


Innate Abilities, Weirdness & Mutations

You have a pair of horns on your head.
You reflexively headbutt those who attack you in melee.
You are partially covered in iridescent scales. (AC +2)
You expend magic power (3 MP) to strengthen your wands.


Message History

The orc priest shouts!
You hear a shout!
An orc comes into view. It is wielding a +0 hand axe.
Found 55 gold pieces.
Found an escape hatch in the floor.
There is a stone staircase leading down here.
You feel yourself speed up.
You slice the ogre!!
You kill the ogre!
Snorg draws her long claws delicately across her gut.
Found 14 gold pieces.
Snorg goes berserk!
The orc priest is distracted by your dazzling golden aura.
The orc priest shouts!
You slash Snorg!
Snorg is lightly wounded.
Snorg closely misses you. Snorg claws you but does no damage. Snorg claws you!
The orc warrior barely misses you. Snorg bites you! Snorg barely misses you.
Snorg claws you.
You closely miss Snorg.
Snorg is lightly wounded.
Snorg barely misses you. Snorg claws you but does no damage. Snorg claws you.
The orc warrior hits you from afar with a +0 glaive!
You slice Snorg!!
Snorg is moderately wounded.
You slash the orc!
You kill the orc!
The orc priest is no longer distracted by gold.
Snorg bites you but does no damage. Snorg claws you! Snorg misses you.
You slice Snorg!! You headbutt Snorg!
Snorg is heavily wounded.
The orc warrior hits you from afar with a +0 glaive!
Snorg bites you!! Snorg claws you!
* * * LOW HITPOINT WARNING * * *
Snorg completely misses you.
As you read the scroll of fear, it crumbles to dust.
You assume a fearsome visage.
Snorg is unaffected.
The orc warrior looks frightened!
The orc looks frightened!
The orc priest looks frightened!
Snorg bites you!
* * * LOW HITPOINT WARNING * * *
Snorg claws you but does no damage. Snorg claws you!
You die...
Your body crumbles into a pile of gold.

##...#.....##
#...........##
#...........#
#...........#
##.........#
##.....oo..##
#.....o.....##
#...T@.>>...#
..............#
.$.#.........##
......#.#.....#
#....##.#...$##
##..# ......##
#.. ........ ##
##.....$.# $


You could see Snorg (berserk), an orc warrior (fleeing), an orc priest (fleeing)
and an orc (fleeing).

Vanquished Creatures
  The ghost of Xisitt the Skirmisher, a journeyman FoHs of Dithmenos (D:11)
  Josephine (D:12)
  A boulder beetle (D:12)
  A catoblepas (D:13)
  2 two-headed ogres
  8 orc high priests (Orc:2)
  4 skeletal warriors (D:12)
  2 deep elf pyromancers
  A cyclops (D:7)
  A manticore (D:11)
  An ice statue (D:12)
  A rime drake (D:10)
  A gargoyle (D:13)
  2 unseen horrors
  5 trolls
  A hornet (D:8)
  A merfolk (D:12)
  Grinder (D:6)
  2 shadows
  5 vampires
  6 wraiths
  A wyvern (D:9)
  21 yaks
  4 vampire mosquitoes (D:11)
  6 wargs
  2 steam dragons
  3 water moccasins
  5 ice beasts
  5 sky beasts
  3 black bears
  11 orc warriors
  4 ogres
  2 wolves
  2 boggarts (D:13)
  5 centaurs
  A kobold brigand (D:8)
  5 bullfrogs
  5 gnoll sergeants
  5 scorpions
  A necrophage (D:4)
  5 wights (D:9)
  15 killer bees
  An electric eel (D:10)
  5 hounds
  2 gnoll boudas (D:8)
  2 jellies
  30 orc priests
  A human skeleton (D:6)
  5 iguanas
  9 orc wizards
  2 mummies (Ossuary)
  Robin (D:2)
  28 gnolls
  7 adders
  2 shadow imps (D:5)
  A white imp (D:8)
  An ufetubus (D:6)
  103 orcs
  15 endoplasms
  9 giant cockroaches
  4 gnoll zombies (Ossuary)
  7 goblins
  7 hobgoblins
  9 jackals
  12 kobolds
  10 quokkas
  13 ball pythons
  4 bats
  11 frilled lizards
  2 goblin zombies (Ossuary)
  3 hobgoblin zombies (Ossuary)
  5 orc zombies (Ossuary)
  7 rats
477 creatures vanquished.

Vanquished Creatures (others)
  A human (D:6)
1 creature vanquished.

Grand Total: 478 creatures vanquished

Notes
Turn   | Place    | Note
-------+----------+-------------------------------------------
     0 | D:1      | Citaku the Minotaur Fighter began the quest for the Orb.
     0 | D:1      | Reached XP level 1. HP: 19/19 MP: 0/0
    50 | D:1      | Found Zich's General Store.
    79 | D:1      | Found Valelul's Book Emporium.
   159 | D:1      | Found Dorae's General Store.
   513 | D:1      | Reached XP level 2. HP: 20/27 MP: 1/1
   556 | D:1      | Found Tuinniet's Antique Weapon Shoppe.
   571 | D:1      | Found Yfeoph's Antique Weapon Boutique.
   978 | D:2      | Identified the +3 ring mail of Urghoblak {rC++ Regen+
                  | Str-4}
   980 | D:2      | Reached XP level 3. HP: 33/33 MP: 2/2
  1022 | D:2      | Noticed Robin
  1032 | D:2      | Killed Robin
  1129 | D:2      | Found a basalt altar of Yredelemnul.
  1572 | D:3      | Reached XP level 4. HP: 36/40 MP: 3/3
  1692 | D:3      | Found an ornate altar of the Wu Jian Council.
  1692 | D:3      | Found an iron altar of Okawaru.
  1786 | D:3      | Noticed a scorpion
  1790 | D:3      | Killed a scorpion
  1791 | D:3      | Reached skill level 5 in Armour
  1791 | D:3      | Reached XP level 5. HP: 42/47 MP: 4/4
  1982 | D:3      | Found Moulol's Weapon Emporium.
  2689 | D:4      | Found Keufam's Elemental Accessories.
  2721 | D:4      | Reached XP level 6. HP: 52/53 MP: 5/5
  2854 | D:4      | Reached skill level 5 in Axes
  2959 | D:4      | Reached skill level 5 in Fighting
  3173 | D:4      | Reached skill level 5 in Shields
  3373 | D:5      | Entered Level 5 of the Dungeon
  3387 | D:5      | Reached XP level 7. HP: 41/61 MP: 6/6
  3578 | D:5      | Found a glowing drain.
  3591 | Sewer    | Entered a sewer
  3895 | Sewer    | Found the +4 robe of Folly {Brill Will-∞ Int+8}
  4379 | D:5      | Reached XP level 8. HP: 43/70 MP: 7/7
  4717 | D:5      | Found a staircase to the Ecumenical Temple.
  4740 | D:5      | Found a burning altar of Makhleb.
  4740 | D:5      | Found a blossoming altar of Fedhas.
  5236 | Temple   | Entered the Ecumenical Temple
  5246 | Temple   | Became a worshipper of Gozag Ym Sagoz the Greedy
  5430 | D:6      | Found a runed translucent door.
  5461 | D:6      | Found a basalt altar of Yredelemnul.
  5602 | D:6      | Identified the +1 leather armour "Xuto" {rPois}
  5614 | D:6      | Noticed Grinder
  5619 | D:6      | Paralysed by Grinder for 2 turns
  5621 | D:6      | Killed Grinder
  5882 | D:6      | Found a hazy altar of Hepliaklqana.
  5891 | D:6      | Reached XP level 9. HP: 62/78 MP: 8/8
  6112 | D:6      | Found a sacrificial altar of Ru.
  6596 | D:7      | Found a sand-covered staircase.
  6601 | Ossuary  | Entered an ossuary
  6856 | D:7      | You fall into a shaft and drop 2 floors!
  7091 | D:9      | Found Viteck's Assorted Antiques.
  7096 | D:9      | Noticed a troll
  7103 | D:9      | Killed a troll
  7104 | D:9      | Reached skill level 10 in Armour
  7355 | D:1      | Bought a potion of curing for 39 gold pieces
  7383 | D:1      | Bought a +8 battleaxe of electrocution for 756 gold pieces
  7383 | D:1      | Bought a scroll of blinking for 97 gold pieces
  7383 | D:1      | Bought a scroll of identify for 26 gold pieces
  7383 | D:1      | Bought a scroll of identify for 26 gold pieces
  7737 | D:7      | Noticed a cyclops
  7743 | D:7      | Killed a cyclops
  7744 | D:7      | Reached skill level 10 in Axes
  7903 | D:7      | Found a shimmering blue altar of Sif Muna.
  7920 | D:7      | Reached XP level 10. HP: 84/88 MP: 9/9
  8560 | D:8      | Identified the +10 shortbow of the Vulture {flame, rF+
                  | Will+ Stlth+}
 11154 | D:10     | Entered Level 10 of the Dungeon
 11248 | D:10     | Found Faox's Book Boutique.
 11556 | D:10     | Found a runed translucent door.
 11620 | D:10     | Reached XP level 11. HP: 89/97 MP: 10/10
 11668 | D:10     | Found a runed translucent door.
 11689 | D:10     | Found a runed translucent door.
 11735 | D:10     | Noticed an obsidian statue
 11746 | D:10     | Found a runed translucent door.
 11885 | D:10     | Found a staircase to the Lair.
 12121 | D:10     | Noticed a two-headed ogre
 12123 | D:10     | Killed a two-headed ogre
 12253 | D:10     | Found Tuwor's Armour Shop.
 12285 | D:10     | Bought a +1 ring mail of cold resistance for 208 gold
                  | pieces
 12613 | D:10     | Found Jymnas's Distillery.
 12627 | D:10     | Bought a potion of might for 52 gold pieces
 12769 | D:11     | Found a large runed translucent door.
 12769 | D:11     | Found a large runed translucent door.
 12772 | D:11     | Noticed Xisitt's ghost (journeyman FoHs)
 12838 | D:11     | Noticed a two-headed ogre
 12845 | D:11     | Killed a two-headed ogre
 13154 | D:11     | Reached skill level 10 in Shields
 13406 | D:11     | Reached skill level 10 in Fighting
 13932 | D:11     | Killed Xisitt's ghost
 14013 | D:11     | Bought the ring "Xisopi" {rElec Will+ rCorr Dex-2 Slay+6}
                  | for 918 gold pieces
 14053 | D:12     | Noticed a skeletal warrior
 14054 | D:12     | Noticed a skeletal warrior
 14055 | D:12     | Noticed a skeletal warrior
 14055 | D:12     | Noticed a skeletal warrior
 14061 | D:12     | Killed a skeletal warrior
 14068 | D:12     | Killed a skeletal warrior
 14069 | D:12     | Killed a skeletal warrior
 14070 | D:12     | Reached XP level 12. HP: 71/107 MP: 11/11
 14198 | D:12     | Found Yzuoq's Armour Shop.
 14200 | D:12     | Noticed Josephine
 14206 | D:12     | Killed Josephine
 14612 | D:12     | Found a staircase to the Orcish Mines.
 14892 | D:12     | Noticed a boulder beetle
 14899 | D:12     | Killed a boulder beetle
 14967 | D:12     | Found Jusiczoy's Weapon Shop.
 15207 | D:12     | Gained mutation: You are somewhat resistant to further
                  | mutation. [potion of mutation]
 15208 | D:12     | Lost mutation: You are somewhat resistant to further
                  | mutation. [potion of mutation]
 15208 | D:12     | Gained mutation: You are partially covered in iridescent
                  | scales. (AC +2) [potion of mutation]
 15208 | D:12     | Gained mutation: You are dopey. (Int -2) [potion of
                  | mutation]
 15208 | D:12     | Lost mutation: You are dopey. (Int -2) [potion of mutation]
 15208 | D:12     | Gained mutation: You expend magic power (3 MP) to
                  | strengthen your wands. [potion of mutation]
 15521 | D:13     | Noticed a catoblepas
 15537 | D:13     | Killed a catoblepas
 15877 | D:13     | Identified the +6 dagger of Midnight {antimagic, rElec rC+
                  | Will+ SInv}
 15906 | D:13     | Reached skill level 15 in Armour
 15907 | D:13     | Noticed an eight-headed hydra
 15908 | D:13     | Noticed a tengu warrior
 15908 | D:13     | Noticed a tengu warrior
 16164 | Orc:1    | Entered Level 1 of the Orcish Mines
 16342 | Orc:2    | Entered Level 2 of the Orcish Mines
 16409 | Orc:2    | Noticed an orc high priest
 17947 | D:11     | Bought the ring "Naxiv" {rPois Will+ Str+6 Int+5 Slay-2}
                  | for 768 gold pieces
 18228 | Orc:2    | Found Taobruch's Antique Weapon Emporium.
 18228 | Orc:2    | Noticed an orc high priest
 18228 | Orc:2    | Noticed an orc high priest
 18235 | Orc:2    | Killed an orc high priest
 18236 | Orc:2    | Reached skill level 15 in Axes
 18238 | Orc:2    | Killed an orc high priest
 18427 | Orc:2    | Killed an orc high priest
 18534 | Orc:2    | Found a staircase to the Elven Halls.
 18558 | Orc:2    | Bought an ivory war axe for 306 gold pieces
 18558 | Orc:2    | Identified the +6 war axe of the Bellicose God {heavy, rF+
                  | rN+} (You bought it in a shop on level 2 of the Orcish
                  | Mines)
 18790 | Orc:2    | Noticed an orc high priest
 18797 | Orc:2    | Killed an orc high priest
 18822 | Orc:2    | Noticed an orc high priest
 18823 | Orc:2    | Found Abigguz's Magic Scroll Boutique.
 18828 | Orc:2    | Killed an orc high priest
 18980 | Orc:2    | Bought a scroll of fear for 56 gold pieces
 18980 | Orc:2    | Bought a scroll of fear for 56 gold pieces
 19181 | Orc:2    | Noticed an orc high priest
 19189 | Orc:2    | Killed an orc high priest
 19189 | Orc:2    | Noticed an orc high priest
 19190 | Orc:2    | Reached XP level 13. HP: 104/116 MP: 12/12
 19194 | Orc:2    | Found Uhoteed's Armour Boutique.
 19194 | Orc:2    | Found Iraon's Book Emporium.
 19908 | Orc:1    | Noticed Snorg
 19917 | Orc:1    | Slain by Snorg

Illustrated notes

Levels and vault maps discovered:
D:1:      co_arrival_random_square_maze, layout_basic, serial_shops,
          nicolae_shop_stone, nicolae_shop_statue_plus,
          nicolae_shop_competitors_out_of_business, shop, shop,
          grunt_decor_fettered
D:2:      layout_loops_ring, basic_altar, uniq_robin
D:3:      layout_loops_cross, gammafunk_temple_overflow_elements, serial_shops,
          shop_statue
D:4:      layout_loops_ring, nicolae_elemental_shop, dk_noncrumbling_4
D:5:      layout_loops_cross, nicolae_overflow_two_pavilions,
          minmay_temple_entry_tees, portal_sewer_entry_b, kennysheep_cross_room,
          amcnicky_mini_rare_corridor_liquid, st_stairs_1
D:6:      layout_gridville, hangedman_ru_absence,
          nicolae_hepliaklqana_hazy_memory, dk_yredelemnul_ordeal,
          corexii_item_surrounded_by_moat, minivault_14, uniq_grinder
D:7:      layout_loops_ring, mainiacjoe_overflow_catwalk, enter_ossuary_2,
          minmay_crystal_room, chequers_serial_rivers_micro_d
D:8:      layout_cave_pools, serial_gnoll_camp, gnoll_camp_huts_basic,
          gnoll_camp_mini_basic, gnoll_camp_medium_01, gnoll_camp_mini_loothouse
D:9:      layout_roguey [special_room_orc], serial_shops, nicolae_shop_crystal,
          hangedman_decor_clover_reticule, kennysheep_generic_room_16
D:10:     layout_basic, hellmonk_lair_entry_icy, serial_shops, shop_coins,
          kennysheep_little_box, nicolae_shop_advertising_works
          [nicolae_subvault_shop_adworks], grunt_ogre_cave,
          minmay_statue_crystal_thing
D:11:     layout_stronghold, ebering_ghost_disaster_area
D:12:     lemuel_ice_statue, layout_rooms, hiddenorc2_lemuel, serial_shops,
          nicolae_square_shop, nicolae_take_the_stairs,
          chequers_decorated_corner, corexii_checkpoint_a, hangedman_fish_farm,
          uniq_josephine
D:13:     layout_loops_corners, david_vaults_1
Temple:   nicolae_temple_two_arcs
Orc:1:    layout_caves, basic_altar, nicolae_shop_vocational, uniq_snorg
Orc:2:    st_orc_town, layout_caves

Skill      XL: |  1  2  3  4  5  6  7  8  9 10 11 12 |
---------------+-------------------------------------+-----
Axes           | 3 4 5 6 8 10 11 13 15 | 15.5
Armour         | 4 5 6 7 9 10 12 13 15 | 15.8
Shields        | 4 5 6 8 9 10 11 | 11.6
Fighting       | 4 5 6 7 9 10 11 | 11.7

Action                   |  1- 3 |  4- 6 |  7- 9 | 10-12 | 13-15 || total
-------------------------+-------+-------+-------+-------+-------++-------
Melee: War axe           |    65 |   111 |   286 |    39 |    46 ||   547
       Headbutt          |     8 |    14 |    49 |    74 |    10 ||   155
       Battleaxe         |       |       |    14 |   414 |       ||   428
Invok: Call Merchant     |       |       |       |     1 |       ||     1
Evoke: Wand              |       |       |       |     1 |       ||     1
  Use: Scroll            |       |       |    17 |    10 |     1 ||    28
       Potion            |       |       |     5 |    11 |     3 ||    19
 Stab: Distracted        |       |       |     1 |     1 |       ||     2
Armor: Scale mail        |    38 |    64 |   189 |   126 |       ||   417
       Ring mail         |       |       |       |   133 |    26 ||   159
Dodge: Dodged            |    41 |    51 |   165 |   234 |    27 ||   518
Block: Buckler           |    15 |    25 |    93 |       |       ||   133

Table legend: (Time is in decaauts)
 A = Elapsed time spent in this place.
 B = Non-inter-level travel time spent in this place.
 C = Inter-level travel time spent in this place.
 D = Time resting spent in this place.
 E = Time spent auto-exploring this place.
 F = Levels seen in this place.
 G = Mean time per level.
                   A        B        C        D        E       F      G
               +--------+--------+--------+--------+--------+-----+--------+
         Total |  20196 |  18880 |   1316 |   1653 |  12056 |  18 | 1122.0 |
       Dungeon |  16920 |  15611 |   1309 |   1131 |  10245 |  13 | 1301.5 |
        Temple |    124 |    124 |      0 |      0 |     99 |   1 |  124.0 |
  Orcish Mines |   2143 |   2137 |      6 |    387 |   1143 |   2 | 1071.5 |
         Sewer |    813 |    813 |      0 |    135 |    442 |   1 |  813.0 |
       Ossuary |    194 |    194 |      0 |      0 |    127 |   1 |  194.0 |
               +--------+--------+--------+--------+--------+-----+--------+

Top non-repeatable levels by time:
    D:10: 1920 daAuts
   Orc:2: 1822 daAuts
    D:12: 1728 daAuts
     D:1: 1511 daAuts
     D:5: 1508 daAuts
     D:9: 1497 daAuts
    D:11: 1452 daAuts
     D:3: 1388 daAuts
     D:6: 1183 daAuts
     D:8: 1080 daAuts
     D:7: 1078 daAuts
     D:4: 1056 daAuts
     D:2: 949 daAuts
   Sewer: 813 daAuts
    D:13: 567 daAuts
